 Dungeon Crawl Stone Soup version 0.28.0-47-ge53b351184 (webtiles) character file.

Game seed: 15676777929731227672

3 Allula97 the Grasshopper (level 1, 0/16 HPs)
             Began as a Demonspawn Warper on May 3, 2022.
             Constricted to death by a ball python (1 damage)
             ... on level 1 of the Dungeon.
             The game lasted 00:00:28 (71 turns).

Allula97 the Grasshopper (Demonspawn Warper)          Turns: 71, Time: 00:00:28

Health: 0/16       AC:  3    Str: 11    XL:     1   Next: 41%
Magic:  3/3        EV:  8    Int: 14    God:
Gold:   0          SH:  0    Dex: 12    Spells: 4/4 levels left

rFire   . . .      SeeInvis .   a - +0 short sword
rCold   . . .      Faith    .   (no shield)
rNeg    . . .      Spirit   .   b - +0 leather armour
rPois   .          Reflect  .   (no helmet)
rElec   .          Harm     .   (no cloak)
rCorr   .          Rampage  .   (no gloves)
Will    .....                   (no boots)
Stlth   +.........              (no amulet)
HPRegen 0.05/turn               (no ring)
MPRegen 0.08/turn               (no ring)

@: constricted
A: no striking features
a: no special abilities


You were on level 1 of the Dungeon.
You visited 1 branch of the dungeon, and saw 1 of its levels.

Inventory:

Hand Weapons
 a - a +0 short sword (weapon)
Missiles
 d - 5 boomerangs of dispersal (quivered)
Armour
 b - a +0 leather armour (worn)
Scrolls
 c - a scroll of blinking
 e - a scroll of immolation {unknown}


   Skills:
 * Level 2.0 Fighting
 * Level 1.8 Short Blades
 - Level 0.8 Throwing
 * Level 0.9 Armour
 * Level 1.8 Dodging
 * Level 0.1 Stealth
 * Level 2.0 Spellcasting
 + Level 2.7 Translocations


You had 4 spell levels left.
You didn't know any spells.
Your spell library contained the following spells:

 Spells                   Type           Power      Damage    Failure   Level
 Blink                    Tloc           18%        N/A       16%         2
 Gell's Gravitas          Tloc           9%         N/A       30%         3
 Lesser Beckoning         Tloc           9%         N/A       30%         3
 Teleport Other           Tloc           9%         N/A       30%         3
 Manifold Assault         Tloc           9%         N/A       95%         5


Dungeon Overview and Level Annotations

Branches:
Dungeon (1/15)

Altars:


Message History

You closely miss the kobold. The kobold closely misses you.
You completely miss the kobold. The kobold hits you but does no damage.
You hit the kobold but do no damage.
An endoplasm comes into view.
The kobold completely misses you.
A ball python comes into view.
You barely miss the kobold.
The kobold hits you with a +0 short sword.
The kobold completely misses you.
You closely miss the kobold. The kobold barely misses you.
The kobold misses you. The kobold hits you but does no damage.
The kobold throws a stone.
The stone hits you but does no damage.
You see here a hobgoblin corpse.
You closely miss the kobold. The kobold completely misses you.
You hit the kobold.
You kill the kobold!
You hit the kobold.
The kobold is moderately wounded.
The kobold hits you with a +0 short sword.
You hit the kobold but do no damage.
The kobold is moderately wounded.
The kobold barely misses you.
You hit the kobold but do no damage.
The kobold is moderately wounded.
The kobold hits you with a +0 short sword.
The kobold closely misses you.
You closely miss the kobold.
The kobold is moderately wounded.
The kobold hits you with a +0 short sword.
* * * LOW HITPOINT WARNING * * *
You hit the kobold but do no damage.
The kobold is moderately wounded.
The kobold hits you but does no damage.
You hit the kobold.
You kill the kobold!
The ball python bites you.
* * * LOW HITPOINT WARNING * * *
The ball python grabs you. The ball python constricts you.
You die...

#...### +...'.# #..#...##
#...#.# #..#.....
##########'##.# #.......
#...#...#...#.# #..#..####.
#.⌠.'.<.#.⌠.#.# .........
#...#...#...#.# #......#
##'#######'##.####......###
#...#...#...#...@SJ........
#...'.⌠.'...#.####..#.####
#...#...#...#.# #....#
######'###+##.# #.#.......#
#...# #.# #.#...(...# +...+
#.# #...>.....# #...# #.#
####....... ##### #.
....... .......


You could see an endoplasm and a ball python.

Vanquished Creatures
  An endoplasm (D:1)
  A hobgoblin (D:1)
  2 kobolds (D:1)
4 creatures vanquished.

Notes
Turn   | Place    | Note
-------+----------+-------------------------------------------
     0 | D:1      | Allula97 the Demonspawn Warper began the quest for the Orb.
     0 | D:1      | Reached XP level 1. HP: 16/16 MP: 3/3
    71 | D:1      | Constricted to death by a ball python

Illustrated notes

Levels and vault maps discovered:
D:1:      co_arrival_random_square_maze, layout_basic, due_unseen_surprise

Action                   || total
-------------------------++-------
Melee: Short sword       ||    20
Armor: Leather armour    ||     5
Dodge: Dodged            ||    12
